 Dungeon Crawl Stone Soup version 0.28-a0-401-ge240ad9e29 (webtiles) character file.

Game seed: 14093770182866930175

75 heikuro the Skirmisher (level 4, 3/37 HPs)
             Began as a Formicid Abyssal Knight on Sept 5, 2021.
             Was a Believer of Lugonu.
             Quit the game on level 3 of the Dungeon.
             The game lasted 00:03:32 (2353 turns).

heikuro the Skirmisher (Formicid Abyssal Knight)    Turns: 2353, Time: 00:03:32

Health: 3/37       AC: 11    Str: 17    XL:     4   Next: 55%
Magic:  6/6        EV: 22    Int: 12    God:    Lugonu [**....]
Gold:   132        SH:  0    Dex: 10    Spells: 3/3 levels left

rFire   . . .      SeeInvis +   a - +1 falchion
rCold   . . .      Faith    .   (no shield)
rNeg    . . .      Spirit   .   h - +0 chain mail
rPois   .          Reflect  .   (helmet unavailable)
rElec   .          Harm     .   i - +0 cloak
rCorr   .          Rampage  .   g - +0 pair of gloves
Will    .....                   (no boots)
Stlth   ..........              k - amulet of the acrobat
HPRegen 0.12/turn               (no ring)
MPRegen 0.10/turn               (no ring)

@: lethally poisoned (3 -> 0), acrobatic
A: permanent stasis, dig shafts and tunnels, antennae 3, four strong arms
a: Dig, Shaft Self, Renounce Religion, Depart the Abyss, Bend Space


You were on level 3 of the Dungeon.
You worshipped Lugonu.
Lugonu was pleased with you.
You visited 1 branch of the dungeon, and saw 3 of its levels.
You visited the Abyss 1 time.

You collected 132 gold pieces.

Inventory:

Hand Weapons
 a - a +1 falchion (weapon)
Armour
 g - a +0 pair of gloves (worn)
 h - a +0 chain mail (worn)
 i - a +0 cloak (worn)
Jewellery
 f - a ring of fire
 k - an amulet of the acrobat (around neck)
Scrolls
 d - a scroll of enchant armour {unknown}
 e - a scroll of identify {unknown}
 j - a scroll of torment {unknown}
 l - a scroll of amnesia {unknown}
Potions
 b - a potion of might {unknown}
 c - 2 potions of curing {unknown}


   Skills:
 + Level 3.8 Fighting
 * Level 3.1 Long Blades
 + Level 2.8 Armour
 - Level 1.0 Dodging
 + Level 3.0 Invocations


You had 3 spell levels left.
You didn't know any spells.
Your spell library contained the following spells:

 Spells                   Type           Power      Damage    Failure   Level
 Sting                    Tmut/Pois      0%         1d3       99%         1
 Poisonous Vapours        Pois/Air       0%         N/A       100%        2
 Frozen Ramparts          Ice            0%         1d2       100%        3
 Ice Form                 Ice/Tmut       0%         N/A       100%        4
 Olgreb's Toxic Radiance  Pois           0%         N/A       100%        4
 Summon Ice Beast         Ice/Summ       0%         N/A       100%        4


Dungeon Overview and Level Annotations

Branches:
Dungeon (3/15)

Altars:


Innate Abilities, Weirdness & Mutations

You cannot be hasted, slowed, berserked, paralysed or teleported.
You can dig through walls and to a lower floor.
You have a pair of large antennae on your head. (SInv)
Your four strong arms can wield two-handed weapons with a shield.


Message History

The adder bites you but does no damage.
The gnoll hits you from afar with a +0 spear.
You closely miss the adder. The gnoll closely misses you.
The adder closely misses you. The gnoll hits you but does no damage.
You closely miss the adder. The adder bites you but does no damage.
The gnoll hits you from afar with a +0 spear. x2
The adder bites you but does no damage.
You closely miss the adder. The gnoll hits you but does no damage.
The adder bites you but does no damage. The gnoll hits you but does no damage.
You are too injured to fight recklessly!
Your chain mail prevents you from hitting the adder.
The adder bites you.
The gnoll hits you but does no damage. x2
The adder bites you but does no damage.
The gnoll hits you from afar with a +0 spear!
* * * LOW HITPOINT WARNING * * *
You are too injured to fight recklessly!
You hit the adder.
The adder is moderately wounded.
The gnoll hits you from afar with a +0 spear.
* * * LOW HITPOINT WARNING * * *
The adder bites you but does no damage. The gnoll hits you but does no damage.
You are too injured to fight recklessly!
The adder misses you.
You see here a +0 whip.
Things that are here:
a +0 dagger; a goblin corpse The adder barely misses you.
The adder misses you. The adder closely misses you. The adder bites you.
* * * LOW HITPOINT WARNING * * *
You are lethally poisoned!
The adder poisons you!
* * * LOW HITPOINT WARNING * * *
You feel sick.
* * * LOW HITPOINT WARNING * * *
You feel sick.
Unknown command.
Unknown command.
Are you sure you want to abandon this character and quit the game? (Confirm with "yes".)

#######....#....######.##
#.......#######†...# #.#.
#.#####....#....##.###.#. #.
#####.#.#....##.......
#.##.......#.....#####.#.
#........#......## #.#.
#..#.###.#####..# ###.##
#........# #... ...)## ##.#.###@#
#.## #... . #...# #S# ##+# #.##
.## #.### #.# ##...## #... ..
#.### #g###...)<## #..# #.
#.#.###.##.......## #...
##.#######..g...g#.........###...
......)).........+.........'.....
...#######....####.....)...####..
#.. #.#.## ##.......## #..


You could see 2 gnolls and an adder.

Vanquished Creatures
  A gnoll (D:3)
  2 worms (D:2)
  2 dart slugs
  3 endoplasms (D:2)
  3 giant cockroaches
  5 goblins
  2 hobgoblins
  13 jackals
  2 quokkas
  5 ball pythons
  4 bats
  5 kobolds
  3 rats (D:2)
50 creatures vanquished.

Notes
Turn   | Place    | Note
-------+----------+-------------------------------------------
     0 | Abyss:1  | heikuro the Formicid Abyssal Knight began the quest for the
                  | Orb.
     0 | Abyss:1  | Reached XP level 1. HP: 18/18 MP: 2/2
    52 | Abyss:1  | Noticed a large abomination
    60 | Abyss:1  | Noticed a large abomination
    61 | D:1      | Escaped the Abyss
   252 | D:1      | Reached skill level 1 in Dodging
   339 | D:1      | Reached XP level 2. HP: 22/24 MP: 3/3
   349 | D:1      | Reached * piety under Lugonu
   704 | D:1      | Reached XP level 3. HP: 27/29 MP: 4/4
  1595 | D:2      | Reached XP level 4. HP: 34/37 MP: 6/6
  1666 | D:2      | You fall into a shaft and drop 1 floor!
  2139 | D:3      | Reached ** piety under Lugonu
  2353 | D:3      | Quit the game

Illustrated notes

Levels and vault maps discovered:
D:1:      lightli_arrival_flooded_house, layout_rooms, roderic_three_in_a_row
D:2:      layout_rooms, minmay_misc_feat_doors, minmay_pentomino_x4
D:3:      layout_loops_corners, dreamdust_ecumenical_altar_sealed_demon,
          grunt_ministairs_2

Skill      XL: |  1  2  3  4 |
---------------+-------------+-----
Dodging        | 1 |  1.0
Long Blades    | 3 |  3.1
Invocations    | 3 |  3.0
Fighting       | |  3.8
Armour         | |  2.8

Action                   |  1- 3 |  4- 6 || total
-------------------------+-------+-------++-------
Melee: Falchion          |    94 |    54 ||   148
Invok: Depart the Abyss  |     1 |       ||     1
Armor: Leather armour    |    32 |     4 ||    36
       Chain mail        |       |    50 ||    50
Dodge: Dodged            |    65 |    22 ||    87

Table legend: (Time is in decaauts)
 A = Elapsed time spent in this place.
 B = Non-inter-level travel time spent in this place.
 C = Inter-level travel time spent in this place.
 D = Time resting spent in this place.
 E = Time spent auto-exploring this place.
 F = Levels seen in this place.
 G = Mean time per level.
                   A        B        C        D        E       F      G
               +--------+--------+--------+--------+--------+-----+--------+
         Total |   2379 |   2278 |    101 |    791 |    908 |   4 |  594.8 |
       Dungeon |   2318 |   2217 |    101 |    791 |    860 |   3 |  772.7 |
         Abyss |     61 |     61 |      0 |      0 |     48 |   1 |   61.0 |
               +--------+--------+--------+--------+--------+-----+--------+

Top non-repeatable levels by time:
     D:2: 1000 daAuts
     D:1: 960 daAuts
     D:3: 356 daAuts
 Abyss:1: 61 daAuts
